 Dungeon Crawl Stone Soup version 0.17-a0-1731-g129c023 (webtiles) character file.

7654 HenryFlower the Martial Artist (level 11, -3/63 HPs)
             Began as an Octopode Transmuter on Aug 29, 2015.
             Was a Priest of Makhleb.
             Killed from afar by a steam dragon (15 damage)
             ... with a ball of steam
             ... on level 10 of the Dungeon.
             The game lasted 00:32:44 (16153 turns).

HenryFlower the Martial Artist (OpTm)              Turns: 16153, Time: 00:32:44

Health: -3/63      AC:  2    Str: 10    XL:     11   Next: 18%
Magic:  11/14      EV: 31    Int: 18    God:    Makhleb [***...]
Gold:   493        SH:  0    Dex: 24    Spells: 4 memorised, 4 levels left

rFire  . . .     SeeInvis .       - Unarmed
rCold  + + .     Clarity  +     (shield currently unavailable)
rNeg   + . .     SustAt   .     (helmet currently unavailable)
rPois  .         Gourm    .     n - amulet of clarity
rElec  .         Spirit   .     j - ring of positive energy
rCorr  .         Warding  .     l - ring of protection from cold
rMut   .         Stasis   .     p - ring of stealth
MR     ++...                    k - ring "Nikux" {*Corrode rPois rC+ MR++}
Stlth  +++.......               A - ring of flight
                                M - +6 ring of dexterity
                                (no ring)
                                (no ring)

@: spider-form, very resistant to hostile enchantments, fairly stealthy
A: almost no armour, amphibious, 8 rings, (constrict 8), (camouflage 0),
(gelatinous body 0)
a: End Transformation, Minor Destruction, Lesser Servant of Makhleb, Renounce
Religion, Evoke Flight


You were on level 10 of the Dungeon.
You worshipped Makhleb.
Makhleb was most pleased with you.
You were not hungry.
You were a venomous arachnid creature.
You visited 2 branches of the dungeon, and saw 11 of its levels.

You collected 493 gold pieces.

Inventory:

Missiles
 a - 154 arrows
 s - 3 poisoned tomahawks (quivered)
Rods
 y - a +4 lightning rod (16/16)
   (You found it on level 7 of the Dungeon)
Jewellery
 j - a ring of positive energy (left front leg)
 k - the ring "Nikux" (on tentacle) {*Corrode rPois rC+ MR++}
   (You found it on level 5 of the Dungeon)

   [ring of protection from cold]

   It protects you from cold.
   It protects you from poison.
   It affects your resistance to hostile enchantments.
   It may corrode your equipment when you take damage.
 l - a ring of protection from cold (right front leg)
 m - an uncursed amulet of stasis
 n - an amulet of clarity (around neck)
 p - a ring of stealth (on tentacle)
 A - a ring of flight (on tentacle)
 M - a +6 ring of dexterity (on tentacle)
Magical devices
 r - a wand of digging (11)
 u - a wand of disintegration (13)
 B - a wand of slowing (19)
 E - a wand of cold (10)
 G - a wand of confusion (36)
 H - a wand of draining (6)
 Q - a wand of fire (1)
Scrolls
 g - 3 scrolls of fog
 h - 3 scrolls of enchant weapon
 t - 4 scrolls of remove curse
 C - 3 scrolls of magic mapping
 I - 3 scrolls of identify
 K - 4 scrolls of teleportation
 L - a scroll of enchant armour
 P - a scroll of recharging
Potions
 d - 2 potions of might
 e - a potion of degeneration {unknown}
 f - a potion of invisibility
 o - 2 potions of flight
 q - a potion of poison {unknown}
 v - 2 potions of magic {unknown}
 w - a potion of haste
 x - 2 potions of brilliance {unknown}
 z - a potion of heal wounds
 D - 2 potions of berserk rage {unknown}
 F - a potion of lignification {unknown}
Books
 b - a book of Changes

   Spells                             Type                      Level
   a - Beastly Appendage              Transmutation                1
   b - Sticks to Snakes               Transmutation                2
   c - Spider Form                    Transmutation/Poison         3
   d - Ice Form                       Ice/Transmutation            4
   e - Blade Hands                    Transmutation                5
 J - a book of Hinderance

   Spells                             Type                      Level
   a - Confusing Touch                Hexes                        2
   b - Confuse                        Hexes                        3
   c - Gell's Gravitas                Hexes/Translocation          3
   d - Petrify                        Transmutation/Earth          4
   e - Metabolic Englaciation         Hexes/Ice                    5
Comestibles
 c - 9 bread rations
 i - 5 meat rations
 N - 2 fruits
 O - 5 chunks of flesh


   Skills:
 - Level 1.0 Fighting
 + Level 8.4 Dodging
 + Level 11.2 Unarmed Combat
 - Level 2.0 Spellcasting
 - Level 9.0 Transmutations
 - Level 5.0 Ice Magic


You had 4 spell levels left.
You knew the following spells:

 Your Spells              Type           Power        Failure   Level  Hunger
a - Beastly Appendage     Trmt           ####..       3%          1    #......
b - Sticks to Snakes      Trmt           ####......   4%          2    ###....
c - Spider Form           Trmt/Pois      ###.......   24%         3    ###....
d - Ice Form              Ice/Trmt       ####....     28%         4    #####..


Dungeon Overview and Level Annotations

Branches:
Dungeon (10/15)            Temple (1/1) D:6            Lair (0/8) D:10
    Orc (0/4) D:9

Altars:
Ashenzari
Cheibriados
Dithmenos
Gozag
Kikubaaqudgha
Makhleb
Nemelex Xobeh
Okawaru
Ru
Trog
Vehumet
Xom
Yredelemnul
Zin
The Shining One

Annotations:
D:6 dirge's ghost, experienced TeSu
D:8 Phlounder's ghost, experienced MiAM
D:10 blexxed's ghost, experienced VSAs


Innate Abilities, Weirdness & Mutations

You cannot wear most types of armour.
You are amphibious.
You can wear up to eight rings at the same time.
((You can use your tentacles to constrict eight enemies at once.))
((Your skin changes colour to match your surroundings (Stealth).))
((Your rubbery body absorbs attacks (AC +1).))


Message History

The steam dragon is severely wounded.
You are engulfed in a cloud of scalding steam.
* * * LOW HITPOINT WARNING * * *
The steam dragon bites you.
* * * LOW HITPOINT WARNING * * *
The steam dragon misses you.
Casting: Spider Form
Confirm with . or Enter, or press ? or * to list all spells.
You turn into a venomous arachnid creature.
The steam dragon completely misses you. x2
Unknown command.
You hit the steam dragon.
The steam dragon is poisoned.
The steam dragon is severely wounded.
You are engulfed in a cloud of scalding steam.
* * * LOW HITPOINT WARNING * * *
The steam dragon breathes steam at you. The ball of steam misses you.
The steam dragon breathes steam at you. The ball of steam hits you!
You die...

##############
..............#
..............#
..............#
..............#
........§§§...#
........§§§...#
.......D§§§§§§#
........§s§...#
.$............#
.................#
.................#
.................####
.....................
.............(.<#####
................#
............÷...# #.


You could see a steam dragon.

Vanquished Creatures
  3 hill giants
  Pikel (D:6)
  A fire drake (D:10)
  Grinder (D:6)
  A two-headed ogre (D:8)
  Sigmund (D:6)
  A spriggan (D:7)
  A deep elf mage (D:9)
  A hippogriff (D:9)
  A hungry ghost (D:7)
  A water moccasin (D:10)
  7 ogres
  3 ice beasts
  2 sky beasts
  2 slaves (D:6)
  A black bear (D:10)
  An orc warrior (D:7)
  3 phantoms
  3 crocodiles
  2 centaurs
  8 giant frogs
  3 scorpions
  A water moccasin zombie (D:8)
  A wyvern skeleton (D:7)
  4 killer bees (D:8)
  5 wights (D:7)
  2 crimson imps (D:9)
  A centaur zombie (D:7)
  8 orc wizards
  A giant frog zombie (D:5)
  2 jellies
  5 orc priests
  6 hounds
  4 iguanas
  5 worker ants
  A killer bee zombie (D:6)
  A hound skeleton (D:10)
  3 worker ant zombies
  9 adders
  5 gnolls
  2 shadow imps
  2 oozes
  2 adder skeletons
  4 worms
  4 giant geckos
  27 orcs
  A giant cockroach (D:3)
  13 goblins
  12 hobgoblins
  16 jackals
  5 quokkas
  3 ball pythons
  8 bats
  A giant cockroach zombie (D:6)
  2 giant gecko zombies
  4 giant newts
  5 kobolds
  A quokka skeleton (D:6)
  8 rats
232 creatures vanquished.

Vanquished Creatures (collateral kills)
  Robin (D:2)
1 creature vanquished.

Vanquished Creatures (others)
  An adder (D:6)
1 creature vanquished.

Grand Total: 234 creatures vanquished

Notes
Turn   | Place    | Note
--------------------------------------------------------------
     0 | D:1      | HenryFlower the Octopode Transmuter began the quest for the Orb.
     0 | D:1      | Reached XP level 1. HP: 13/13 MP: 3/3
   155 | D:1      | Reached XP level 2. HP: 18/18 MP: 5/5
   849 | D:1      | Learned a level 2 spell: Sticks to Snakes
   886 | D:1      | Reached XP level 3. HP: 23/23 MP: 6/6
  1305 | D:2      | Found a shadowy altar of Dithmenos.
  1497 | D:2      | Noticed Robin
  1564 | D:2      | Killed Robin
  1761 | D:2      | Learned a level 3 spell: Spider Form
  1785 | D:2      | Reached skill level 4 in Transmutations
  1848 | D:2      | Found a faded altar to an unknown god.
  1990 | D:2      | Reached XP level 4. HP: 23/28 MP: 3/7
  2909 | D:3      | Found a shattered altar of Ashenzari.
  3180 | D:3      | Found a sacrificial altar of Ru.
  3877 | D:3      | Reached skill level 5 in Transmutations
  3897 | D:3      | Reached XP level 5. HP: 27/33 MP: 8/8
  4286 | D:4      | Noticed an ogre
  4319 | D:4      | Killed an ogre
  4319 | D:4      | Reached XP level 6. HP: 38/38 MP: 2/9
  4720 | D:4      | Reached skill level 5 in Unarmed Combat
  5046 | D:4      | Reached skill level 6 in Unarmed Combat
  5046 | D:4      | Reached XP level 7. HP: 20/43 MP: 6/10
  5427 | D:4      | Noticed an ogre
  5438 | D:4      | Killed an ogre
  5698 | D:4      | Reached skill level 7 in Unarmed Combat
  5865 | D:5      | Entered Level 5 of the Dungeon
  5908 | D:5      | Got a translucent bone ring
  5909 | D:5      | Identified the ring "Nikux" {*Corrode rPois rC+ MR++} (You found it on level 5 of the Dungeon)
  5942 | D:5      | Found a shimmering altar of Xom.
  6494 | D:5      | Reached skill level 8 in Unarmed Combat
  6494 | D:5      | Reached XP level 8. HP: 18/48 MP: 5/11
  7068 | D:6      | Noticed Sigmund
  7079 | D:6      | Killed Sigmund
  7405 | D:6      | Noticed dirge's ghost (experienced TeSu)
  7430 | D:7      | Reached skill level 9 in Unarmed Combat
  7459 | D:7      | Noticed a hill giant
  7487 | D:7      | Killed a hill giant
  7487 | D:7      | Reached skill level 10 in Unarmed Combat
  7487 | D:7      | Reached XP level 9. HP: 30/53 MP: 12/12
  8829 | D:6      | Found a staircase to the Ecumenical Temple.
  8839 | Temple   | Entered the Ecumenical Temple
  8862 | Temple   | Became a worshipper of Makhleb the Destroyer
  9042 | D:6      | Noticed Grinder
  9055 | D:6      | Killed Grinder
  9216 | D:6      | Learned a level 4 spell: Ice Form
  9239 | D:6      | Noticed Pikel
  9440 | D:6      | Killed Pikel
  9934 | D:6      | Reached skill level 5 in Dodging
 10536 | D:6      | Reached XP level 10. HP: 32/58 MP: 13/13
 11413 | D:7      | Acquired Makhleb's first power
 12427 | D:8      | Noticed Phlounder's ghost (experienced MiAM)
 12871 | D:8      | Acquired Makhleb's second power
 13505 | D:8      | Reached skill level 5 in Ice Magic
 14782 | D:9      | Found a staircase to the Orcish Mines.
 14972 | D:9      | Acquired Makhleb's third power
 15340 | D:10     | Entered Level 10 of the Dungeon
 15382 | D:10     | Noticed a hill giant
 15384 | D:10     | Noticed a hill giant
 15396 | D:10     | Killed a hill giant
 15396 | D:10     | Reached XP level 11. HP: 63/63 MP: 14/14
 15539 | D:10     | Killed a hill giant
 15539 | D:10     | Reached skill level 11 in Unarmed Combat
 15713 | D:10     | Noticed blexxed's ghost (experienced VSAs)
 15770 | D:10     | Found a staircase to the Lair.
 16153 | D:10     | Killed from afar by a steam dragon

Vault maps used:
D:1:      onia_arrival_handbag
D:2:      first_bread, ecumenical_altar_2, nicolae_dithmenos_shadow_blocks,
          uniq_robin
D:3:      nicolae_ru_sacrificial_ziggurat, cheibrodos_ashenzari_chains
D:5:      basic_altar
D:6:      temple_fountains, mrwooster_statue_mirror, kennysheep_diamond,
          uniq_sigmund, uniq_grinder, uniq_pikel
D:7:      minmay_misc_feat_square, the_bakery
D:9:      orc_0_dummy, stair_cage_line, spider_trap
D:10:     minmay_lair_entry_lava, serial_shops, shop
Temple:   grunt_wide_crystal_templ_18

Action                   |  1- 3 |  4- 6 |  7- 9 | 10-12 || total
-------------------------+-------+-------+-------+-------++-------
Melee: Unarmed           |    99 |   129 |   170 |   335 ||   733
Throw: Tomahawk          |       |       |       |     5 ||     5
 Cast: Sticks to Snakes  |     2 |       |       |       ||     2
       Spider Form       |     1 |    12 |    19 |    31 ||    63
       Ice Form          |       |       |       |     3 ||     3
Evoke: Rod               |       |       |       |    23 ||    23
       Wand              |       |       |       |     1 ||     1
  Use: Scroll            |       |     5 |     8 |     8 ||    21
       Potion            |       |     1 |     2 |     1 ||     4
 Stab: Sleeping          |     6 |     6 |     9 |     3 ||    24
       Distracted        |       |       |     1 |       ||     1
  Eat: Chunk             |     3 |     7 |    11 |    14 ||    35
       Meat ration       |       |     1 |     1 |     2 ||     4
       Beef jerky        |       |       |     2 |       ||     2
       Pizza             |       |       |     1 |     3 ||     4
